 Dungeon Crawl Stone Soup version 0.30-a0-121-gb27577e5d9 (webtiles) character file.

Game seed: 8309563174064435492

238 ytrimaz the Changer (level 6, 0/45 HPs)
             Began as an Octopode Transmuter on Sept 14, 2022.
             Slain by a gnoll
             ... wielding a +0 spear
              (4 damage)
             ... on level 3 of the Dungeon.
             The game lasted 00:03:12 (2171 turns).

ytrimaz the Changer (Octopode Transmuter)           Turns: 2171, Time: 00:03:13

Health: 0/45       AC:  6    Str: 10    XL:     6   Next: 7%
Magic:  4/9        EV: 10    Int: 17    God:
Gold:   126        SH:  0    Dex: 12    Spells: 0/10 levels left

rFire   x . .      SeeInvis .      - Unarmed
rCold   + + +      Faith    .    (shield currently unavailable)
rNeg    . . .      Spirit   .    (helmet currently unavailable)
rPois   +          Reflect  .    (no amulet)
rElec   .          Harm     .    e - ring of wizardry
rCorr   .          Rampage  .    (no ring)
Will    .....                    (no ring)
Stlth   ++........               (no ring)
HPRegen 0.15/turn                (no ring)
MPRegen 0.11/turn                (no ring)
                                 (no ring)
                                 (no ring)

@: ice-form, wereblooded
A: freezing attack, boosted hp, almost no armour, amphibious, 8 rings, large,
(camouflage 1), (gelatinous body 1), (nimble swimmer 1), (tentacles)
a: End Transformation


You were on level 3 of the Dungeon.
You were a creature of crystalline ice.
You visited 1 branch of the dungeon, and saw 3 of its levels.

You collected 126 gold pieces.


Innate Abilities, Weirdness & Mutations

You are a creature of crystalline ice.
You have a powerful freezing melee attack.
Your maximum health is increased.
Your armour is entirely melded.
You are incapable of wielding weapons or throwing items.
You cannot wear most types of armour.
You are amphibious.
You can wear up to eight rings at the same time.
((Your skin changes colour to match your surroundings (Stealth+).))
((Your rubbery body absorbs attacks. (AC +1, EV +1)))
((You are camouflaged when in or above water. (Stealth+)))
((You have tentacles for arms and can constrict up to eight enemies at once.))


   Skills:
 - Level 1.0 Fighting
 - Level 2.0 Dodging
 - Level 2.5 Stealth
 - Level 3.0 Unarmed Combat
 - Level 2.5 Spellcasting
 + Level 4.1 Transmutations
 * Level 0.3 Ice Magic
 - Level 4.0 Poison Magic


You couldn't memorise any spells.
You knew the following spells:

 Your Spells              Type           Power      Damage    Failure   Level
a - Beastly Appendage     Tmut           32%        N/A       1%          1
b - Wereblood             Tmut           16%        N/A       1%          2
c - Spider Form           Tmut/Pois      15%        N/A       4%          3
d - Ice Form              Ice/Tmut       9%         N/A       28%         4

Your spell library contained the following spells:

 Spells                   Type           Power      Damage    Failure   Level
 Slow                     Hex            8%         N/A       8%          1
 Call Canine Familiar     Summ           2%         N/A       22%         3
 Confusing Touch          Hex            2%         N/A       22%         3
 Portal Projectile        Hex/Tloc       4%         N/A       22%         3
 Vampiric Draining        Necr           2%         2d6       22%         3
 Leda's Liquefaction      Hex/Erth       1%         N/A       56%         4

Inventory:

Jewellery
 e - a ring of wizardry (left front paw)
   (You found it on level 2 of the Dungeon)
Scrolls
 b - a scroll of magic mapping
 f - a scroll of poison
Potions
 a - a potion of lignification
 c - a potion of attraction
 g - a potion of heal wounds
 h - a potion of invisibility {unknown}

Dungeon Overview and Level Annotations

Branches:
Dungeon (3/15) Zot: 15835

Altars:

Shops:
D:2

: .... #..# #>.#
###..##.# #..
.......# #
#.#####..###.# #.
##...........###
..
##...............
#>
##.##.###bb##.###
#.#.###.#
#bb##g####...
#.<# #.#
#bbYbg...?...
##.# #.#
#b###g####.#. #..
..# #.. ....
####...
#####.##.# .. #.#
# #.# #.# ...


You could see 3 gnolls.


Message History

As you read the scroll of identify, it crumbles to dust.
g - a potion of heal wounds Unknown command.
Key pressed, stopping explore.
Key pressed, stopping explore.
Unknown command.
There is a stone staircase leading down here.
Key pressed, stopping explore.
You see here a +0 leather armour.
You see here a +0 club.
Key pressed, stopping explore.
You see here a +0 club.
Things that are here:
a +0 scythe; a +0 robe
d - a scroll of butterflies
There is a stone staircase leading up here.
Done exploring.
Done exploring.
This spell is extremely dangerous to cast!
Memorise Ice Form, consuming 4 spell levels and leaving 0?
You start memorising the spell.
You continue memorising. x4
You finish memorising.
Spell assigned to 'd'.
Unknown command.
Done exploring.
Done exploring.
There is a stone staircase leading down here.
You climb downwards.
Found a stone staircase leading down.
There is a stone staircase leading up here.
Unknown command.
Found an escape hatch in the floor.
A gnoll comes into view. It is wielding a +0 flail.
A gnoll is nearby!
A gnoll is nearby!
h - a ruby potion
Casting: Spider Form (dangerous; 4% risk of failure)
Confirm with . or Enter, or press ? or * to list all spells.
The spell is extremely dangerous to miscast (30% risk of failure)!
Continue anyway?
Okay, then.
Unknown command.
Casting: Ice Form (extremely dangerous; 30% risk of failure)
Confirm with . or Enter, or press ? or * to list all spells.
The spell is extremely dangerous to miscast (30% risk of failure)!
Continue anyway?
You turn into a creature of crystalline ice. 😎 HP[+7] MP[-4]
You now have 45 max hp (+7).
Your hp is fully restored (45).
You lost 4 mp, and now have 5/9 mp.
You can't wear or remove anything in your present form.
Unknown command.
A gnoll comes into view. It is wielding a +0 spear.
The gnoll shouts! x2; You hear a shout!
A gnoll comes into view. It is wielding a +0 spear. x2
The gnoll moves out of view.
The gnoll shouts!
The gnoll barely misses you. The gnoll closely misses you.
The gnoll hits you but does no damage.
Casting: Ice Form (quite dangerous; 30% risk of failure)
Confirm with . or Enter, or press ? or * to list all spells.
Your blood is infused with primal strength.
The gnoll hits you with a +0 flail.
The gnoll hits you from afar with a +0 spear. x2 😕 HP[-11] MP[-2]
You take 11 damage, and now have 34/45 hp.
MASSIVE DAMAGE!! (PAUSE)
You lost 2 mp, and now have 3/9 mp.
You punch the gnoll! You freeze the gnoll.
You feel a bit better.
You kill the gnoll! 😕 HP[+3]
You regained 3 hp, and now have 37/45 hp.
The gnoll hits you from afar with a +0 spear.
The gnoll hits you with a +0 spear! The gnoll hits you with a +0 spear.
Things that are here:
a +0 flail; a gnoll corpse The gnoll hits you from afar with a +0 spear.
* * * LOW HITPOINT WARNING * * *
The gnoll hits you with a +0 spear.
* * * LOW HITPOINT WARNING * * *
The gnoll hits you but does no damage. 😨 HP[-18] MP[+1]
You take 18 damage, and now have 19/45 hp.
MASSIVE DAMAGE!! (PAUSE)
You are too injured to fight recklessly!
The gnoll hits you from afar with a +0 spear!
* * * LOW HITPOINT WARNING * * *
The gnoll hits you with a +0 spear.
* * * LOW HITPOINT WARNING * * *
Things that are here:
a +0 flail; a gnoll corpse; 😱 HP[-12]
You take 12 damage, and now have 7/45 hp.
MASSIVE DAMAGE!! (PAUSE)
Okay, then.
The gnoll hits you from afar with a +0 spear.
* * * LOW HITPOINT WARNING * * *
The gnoll completely misses you. 😱 HP[-3]
You take 3 damage, and now have 4/45 hp.
As you read the scroll of butterflies, it crumbles to dust.
You hear the tinkle of a tiny bell.
The gnoll hits you from afar with a +0 spear.
You die...

Skill      XL: |  1  2  3  4  5 |
---------------+----------------+-----
Stealth        | 1 2 |  2.5
Poison Magic   | 4 |  4.0
Transmutations | 3 4 |  4.1
Fighting       | |  1.0
Dodging        | |  2.0
Unarmed Combat | |  3.0
Spellcasting   | |  2.5
Ice Magic      | |  0.3

Action                   |  1- 3 |  4- 6 || total
-------------------------+-------+-------++-------
Melee: Unarmed           |    83 |    29 ||   112
       Constrict         |    22 |     5 ||    27
       Kick              |     6 |     1 ||     7
       Tentacles         |     9 |     3 ||    12
 Cast: Beastly Appendage |     5 |     2 ||     7
       Wereblood         |     3 |     1 ||     4
       Spider Form       |     1 |     2 ||     3
       Ice Form          |       |     1 ||     1
  Use: Scroll            |     4 |     4 ||     8
       Potion            |     1 |       ||     1
 Stab: Sleeping          |     3 |       ||     3
Armor: Skin              |    11 |     3 ||    14
Dodge: Dodged            |    65 |    30 ||    95

Levels and vault maps discovered:
D:1:      dpeg_arrival_simpleton_b, layout_basic,
          chequers_ecumenical_altar_simple_redux, minmay_lizard_king
D:2:      layout_rooms, serial_shops, nicolae_shop_stone, minmay_pentomino_z4,
          uniq_sigmund
D:3:      minmay_skewed_foursquare, layout_loops_ring,
          nicolae_concentric_dashed_squares_mild, uniq_ijyb

Notes
Turn   | Place    | Note
-------+----------+-------------------------------------------
     0 | D:1      | ytrimaz the Octopode Transmuter began the quest for the
                  | Orb.
     0 | D:1      | Reached XP level 1. HP: 13/13 MP: 3/3
     0 | D:1      | magus.rc [v1.9.6]
   375 | D:1      | Reached skill level 1 in Stealth
   390 | D:1      | Reached XP level 2. HP: 17/18 MP: 3/5
   394 | D:1      | Learned a level 2 spell: Wereblood
   436 | D:1      | Reached skill level 2 in Stealth
   798 | D:1      | Reached XP level 3. HP: 23/23 MP: 3/6
   802 | D:1      | Learned a level 3 spell: Spider Form
   844 | D:1      | Found a faded altar of an unknown god.
  1102 | D:2      | Found Bayttu's Book Shoppe.
  1147 | D:2      | Reached skill level 1 in Poison Magic
  1219 | D:2      | You pick up a book of Debilitation and begin reading...
  1219 | D:2      | You add the spells Slow, Vampiric Draining and Confusing
                  | Touch to your library.
  1248 | D:2      | Noticed Sigmund
  1258 | D:2      | Killed Sigmund
  1259 | D:2      | Reached skill level 3 in Transmutations
  1259 | D:2      | Reached skill level 4 in Poison Magic
  1259 | D:2      | Reached XP level 4. HP: 28/28 MP: 3/7
  1259 | D:2      | Reached XP level 5. HP: 33/33 MP: 3/8
  1356 | D:2      | Reached skill level 4 in Transmutations
  1735 | D:2      | You pick up a book of the Hunter and begin reading...
  1735 | D:2      | You add the spells Call Canine Familiar, Portal Projectile
                  | and Leda's Liquefaction to your library.
  1813 | D:2      | Reached XP level 6. HP: 22/38 MP: 4/9
  2140 | D:2      | Learned a level 4 spell: Ice Form
  2169 | D:3      | HP: 11/45 [gnoll/+0 spear (8)]
  2170 | D:3      | HP: 4/45 [gnoll/+0 spear (4)]
  2171 | D:3      | Slain by a gnoll

Vanquished Creatures
  Sigmund (D:2)
  An adder (D:2)
  A gnoll (D:3)
  A dart slug (D:2)
  3 ball pythons (D:2)
  2 bats
  2 endoplasms (D:2)
  3 giant cockroaches (D:2)
  6 goblins
  3 hobgoblins (D:1)
  3 jackals (D:2)
  3 quokkas
  15 frilled lizards
  A kobold (D:2)
  5 rats (D:2)
50 creatures vanquished.

Vanquished Creatures (others)
  8 plants (D:1)
8 creatures vanquished.

Grand Total: 58 creatures vanquished

Table legend:
 A = Non-vault XP
 B = Vault XP
 C = Vault XP percentage of total XP
 D = Non-vault monster count
 E = Vault monster count
 F = Vault count percentage of total count
                 A         B        C        D         E       F
            +---------+---------+-------+---------+---------+-------
      Total |      86 |     254 |  74.7 |      35 |      15 |  30.0
            +---------+---------+-------+---------+---------+-------
        D:1 |      23 |      13 |  36.1 |      12 |      13 |  52.0
        D:2 |      49 |     241 |  83.1 |      22 |       2 |   8.3
        D:3 |      14 |       0 |   0.0 |       1 |       0 |   0.0
            +---------+---------+-------+---------+---------+-------

Illustrated notes

Table legend:
 A = Kills in this place as a percentage of kills in entire the game.
 B = Kills by you in this place as a percentage of kills by you in the entire game.
 C = Kills by friends in this place as a percentage of kills by friends in the entire game.
 D = Other kills in this place as a percentage of other kills in the entire game.
 E = Experience gained in this place as a percentage of experience gained in the entire game.
 F = Experience gained in this place divided by the number of levels of this place that you have seen.
                   A       B       C       D       E      F
               +-------+-------+-------+-------+-------+----------------------
         Total | 100.0 | 100.0 |   N/A |   N/A | 100.0 | 113.3
       Dungeon | 100.0 | 100.0 |   N/A |   N/A | 100.0 | 113.3
               +-------+-------+-------+-------+-------+----------------------

Table legend: (Time is in decaauts)
 A = Elapsed time spent in this place.
 B = Non-inter-level travel time spent in this place.
 C = Inter-level travel time spent in this place.
 D = Time resting spent in this place.
 E = Time spent auto-exploring this place.
 F = Levels seen in this place.
 G = Mean time per level.
                   A        B        C        D        E       F      G
               +--------+--------+--------+--------+--------+-----+--------+
         Total |   2163 |   2115 |     48 |      0 |   1757 |   3 |  721.0 |
       Dungeon |   2163 |   2115 |     48 |      0 |   1757 |   3 |  721.0 |
               +--------+--------+--------+--------+--------+-----+--------+

Top non-repeatable levels by time:
     D:1: 1098 daAuts
     D:2: 1044 daAuts
     D:3: 20 daAuts
